Map: Eastwatch LE

Players

Maru

  • Race: Terran Terran
  • Spawn Location: 7:00

Rogue - Winner!

  • Race: Zerg Zerg
  • Spawn Location: 1:00

Event: IEM Season 12 - Katowice

VOD

Have the link to the VOD?

Description

Time

  • Played on: March 4, 2018, 6:34 a.m.
  • Length: 5:51

All games in this series

Show
View Real Time Build Order
Export as new Build Order

Maru Terran 

Build Orders: Gas First Reaper Expand, Liberator Opening, Reaper Expand 

Get SALT Encoding   

  12  0:00  SCV  
  13  0:12  SCV  
  14  0:17  Supply Depot  
  14  0:25  SCV  
  15  0:29  Refinery  
  15  0:38  SCV  
  16  0:44  Barracks  
  16  0:50  SCV  
  17  1:02  SCV  
  18  1:15  SCV  
  19  1:30  Orbital Command  
  19  1:31  Reaper  
  20  1:41  Command Center  
  20  1:51  Factory  
  20  1:55  SCV  
  21  2:05  Supply Depot  
  21  2:06  Barracks Reactor  
  21  2:08  SCV  
  22  2:12  Refinery  
  22  2:20  SCV  
  23  2:32  SCV  
  24  2:40  Starport  
  24  2:44  SCV  
  24  2:46  Hellion x2  
  24  2:47  Barracks Tech Lab  
  29  2:54  Orbital Command  
  29  2:56  SCV  
  30  3:09  SCV, Hellion  
  30  3:10  Hellion  
  35  3:17  Barracks Tech Lab  
  35  3:20  SCV  
  35  3:21  SCV  
  35  3:24  Viking  
  39  3:29  Supply Depot  
  39  3:32  SCV  
  40  3:38  Liberator  
  44  3:44  SCV  
  44  3:45  SCV  
  46  3:52  Supply Depot  
  46  3:57  SCV  
  46  4:00  SCV  
  49  4:09  SCV  
  50  4:11  Command Center  
  50  4:12  SCV  
  50  4:13  Marine  
  50  4:17  Supply Depot  
  50  4:21  SCV  
  51  4:24  SCV, Factory Reactor  
  51  4:31  Marine  
  53  4:33  SCV  
  53  4:35  Barracks  
  53  4:36  SCV  
  53  4:37  Barracks  
  55  4:45  SCV  
  55  4:46  Supply Depot  
  55  4:47  Starport Reactor  
  55  4:48  SCV  
  55  4:49  Marine  
  58  4:53  Engineering Bay  
  58  4:57  SCV  
  58  4:59  Engineering Bay  
  59  5:00  SCV  
  60  5:07  Marine  
  60  5:10  SCV  
  60  5:12  SCV  
  63  5:22  SCV  
  63  5:24  Marine x2  
  63  5:25  SCV, Marine  
  68  5:30  Refinery  
  68  5:31  Marine x2  
Show
View Real Time Build Order
Export as new Build Order

Rogue Zerg - Winner!

Build Orders: Hatch First, Roach Nydus 

Get SALT Encoding   

  12  0:00  Drone  
  13  0:12  Overlord  
  13  0:17  Drone  
  14  0:30  Drone x2  
  14  0:34  Drone  
  17  0:52  Hatchery  
  17  0:55  Drone  
  17  0:57  Drone  
  18  1:09  Extractor  
  17  1:13  Spawning Pool  
  17  1:15  Drone  
  17  1:18  Drone  
  18  1:28  Drone  
  19  1:38  Overlord  
  19  2:00  Queen  
  19  2:01  Zergling x4  
  23  2:03  Queen  
  23  2:04  Drone  
  26  2:08  Metabolic Boost  
  26  2:11  Drone  
  26  2:15  Drone  
  28  2:22  Drone  
  29  2:25  Drone  
  30  2:33  Drone  
  31  2:37  Drone  
  31  2:38  Spore Crawler  
  31  2:41  Queen  
  31  2:43  Overlord  
  34  2:48  Drone  
  35  2:54  Zergling x2  
  36  3:02  Drone  
  37  3:06  Drone  
  38  3:13  Drone x4, Hatchery  
  38  3:17  Drone x2  
  43  3:22  Overlord  
  43  3:27  Drone  
  44  3:30  Overlord  
  44  3:36  Lair  
  44  3:42  Drone x3  
  44  3:47  Queen  
  49  3:51  Drone x2  
  49  3:52  Drone  
  52  3:57  Overlord  
  52  4:01  Extractor x2  
  50  4:03  Roach Warren  
  50  4:05  Drone x2  
  50  4:07  Zergling x2  
  52  4:12  Overlord  
  52  4:23  Queen  
  54  4:26  Zergling x6  
  54  4:27  Overlord  
  57  4:39  Nydus Network, Overseer  
  57  4:42  Roach  
  57  4:43  Roach x4  
  66  4:48  Roach x2  
  70  4:54  Overseer  
  70  4:56  Overlord  
  70  5:01  Roach x2  
  70  5:03  Overlord  
  70  5:05  Overlord  
  73  5:16  Nydus Canal, Roach  
  73  5:17  Roach  
  73  5:18  Roach  
  79  5:22  Roach  
  79  5:25  Roach, Spore Crawler  
  80  5:28  Roach  

Tags
 
Add a new tag
Caveats
  • Supply blocks, unpowered buildings, or Contaminate may cause inaccurate times.
  • Supply counts are checked every 10 seconds.